WCL
SPARTANBURG SPARTANS @ ANDERSON REBELS
06/11/1982
 
TOP OF THE 1ST
Spartanburg Spartans batting - Pitching for Anderson Rebels : RHP Carlos Ruiz
Pitching: RHP Carlos Ruiz
Batting: SHB Michael Vanderburg 0-0: Ball
1-0: Swinging Strike
1-1: Ball
2-1: Ball
3-1: Swinging Strike
3-2: Fly out, F8 (Line Drive, 8RM, EV 101.3 MPH)
Batting: RHB Van Sowards 0-0: Ball
1-0: Ball
2-0: Foul Ball, location: 2F
2-1: SINGLE (Groundball, 3D, EV 94.4 MPH)
Batting: RHB Gib Seibert 0-0: Fielders Choice at 2nd, 2-4 (Groundball, 2L, EV 73.8 MPH)
Batting: LHB John Hennell 0-0: Ball
1-0: Called Strike
1-1: Foul Ball, location: 2F
1-2: Foul Ball, location: 2F
1-2: Foul Ball, location: 2F
1-2: Strikes out looking
Top of the 1st over - 0 runs, 1 hit, 0 errors, 1 left on base; Spartanburg 0 - Anderson 0
BOTTOM OF THE 1ST
Anderson Rebels batting - Pitching for Spartanburg Spartans : LHP Scott Budner
Pitching: LHP Scott Budner
Batting: RHB Henry Cotto 0-0: Swinging Strike
0-1: Foul Ball, location: 2F
0-2: Ball
1-2: Strikes out swinging
Batting: RHB Guillermo Montiel 0-0: Called Strike
0-1: Ball
1-1: SINGLE (Groundball, 6S, EV 63.8 MPH) (infield hit)
Batting: RHB Mike Gallego 0-0: Ball
1-0: Called Strike
1-1: Grounds into double play, 6-4-3 (Groundball, 6, EV 86.9 MPH)
Bottom of the 1st over - 0 runs, 1 hit, 0 errors, 0 left on base; Spartanburg 0 - Anderson 0
TOP OF THE 2ND
Spartanburg Spartans batting - Pitching for Anderson Rebels : RHP Carlos Ruiz
Batting: RHB Dan Boever 0-0: Ball
1-0: Ball
2-0: Ground out 4-3 (Groundball, 4, EV 93.1 MPH)
Batting: RHB Vincent Martelli 0-0: Ball
1-0: Fly out, F9 (Flyball, 89D, EV 79.4 MPH)
Batting: LHB Albert Ortiz 0-0: Fly out, F7 (Line Drive, 7D, EV 95.0 MPH)
Top of the 2nd over - 0 runs, 0 hits, 0 errors, 0 left on base; Spartanburg 0 - Anderson 0
BOTTOM OF THE 2ND
Anderson Rebels batting - Pitching for Spartanburg Spartans : LHP Scott Budner
Batting: RHB Todd Demeter 0-0: Ball
1-0: Foul Ball, location: 2F
1-1: Ground out 4-3 (Groundball, 4, EV 91.3 MPH)
Batting: RHB Juan Blanco 0-0: Called Strike
0-1: Called Strike
0-2: Fly out, F3 (Popup, 3SF, EV 62.5 MPH)
Batting: LHB James Beck 0-0: Single, Error in OF, E7, batter to second base (Groundball, 6D, EV 95.0 MPH)
Batting: RHB Pat Dempsey 0-0: Called Strike
0-1: Swinging Strike
0-2: Ball
1-2: Strikes out swinging
Bottom of the 2nd over - 0 runs, 1 hit, 1 error, 1 left on base; Spartanburg 0 - Anderson 0
TOP OF THE 3RD
Spartanburg Spartans batting - Pitching for Anderson Rebels : RHP Carlos Ruiz
Batting: RHB Ron Dillard 0-0: Called Strike
0-1: Foul Ball, location: 2F
0-2: Strikes out swinging
Batting: LHB Ross Kingsley 0-0: Foul Ball, location: 2F
0-1: Ball
1-1: SINGLE (Groundball, 6D, EV 101.9 MPH)
Batting: SHB Michael Vanderburg 0-0: Ball
1-0: Ball
2-0: Called Strike
2-1: Ball
3-1: Base on Balls
Ross Kingsley to second
Batting: RHB Van Sowards 0-0: Grounds into double play, 4-6-3 (Groundball, 4M, EV 81.3 MPH)
Top of the 3rd over - 0 runs, 1 hit, 0 errors, 1 left on base; Spartanburg 0 - Anderson 0
BOTTOM OF THE 3RD
Anderson Rebels batting - Pitching for Spartanburg Spartans : LHP Scott Budner
Batting: RHB Jose Bernhardt 0-0: Fly out, F6 (Popup, 6MD, EV 43.8 MPH)
Batting: RHB Hector Ordonez 0-0: Ball
1-0: Called Strike
1-1: Ground out 1-3 (Groundball, 13S, EV 63.8 MPH)
Batting: RHB Henry Cotto 0-0: Ground out 5-3 (Groundball, 56, EV 81.9 MPH)
Bottom of the 3rd over - 0 runs, 0 hits, 0 errors, 0 left on base; Spartanburg 0 - Anderson 0
TOP OF THE 4TH
Spartanburg Spartans batting - Pitching for Anderson Rebels : RHP Carlos Ruiz
Batting: RHB Gib Seibert 0-0: Foul Ball, location: 2F
0-1: Ball
1-1: Foul Ball, location: 2F
1-2: SINGLE (Groundball, 6MD, EV 101.3 MPH)
Batting: LHB John Hennell 0-0: Fly out, F8 (Flyball, 8LM, EV 95.6 MPH)
Batting: RHB Dan Boever 0-0: Swinging Strike
0-1: Called Strike
0-2: Ball
1-2: Grounds into double play, 6-4-3 (Groundball, 6, EV 101.9 MPH)
Top of the 4th over - 0 runs, 1 hit, 0 errors, 0 left on base; Spartanburg 0 - Anderson 0
BOTTOM OF THE 4TH
Anderson Rebels batting - Pitching for Spartanburg Spartans : LHP Scott Budner
Batting: RHB Guillermo Montiel 0-0: Ground out 5-3 (Groundball, 56, EV 95.6 MPH)
Batting: RHB Mike Gallego 0-0: Ball
1-0: Ground out 3-1 (Groundball, 34S, EV 81.9 MPH)
Batting: RHB Todd Demeter 0-0: Ball
1-0: Swinging Strike
1-1: Ground out 3-1 (Groundball, 34, EV 90.0 MPH)
Bottom of the 4th over - 0 runs, 0 hits, 0 errors, 0 left on base; Spartanburg 0 - Anderson 0
TOP OF THE 5TH
Spartanburg Spartans batting - Pitching for Anderson Rebels : RHP Carlos Ruiz
Batting: RHB Vincent Martelli 0-0: Called Strike
0-1: Ball
1-1: Fly out, F9 (Flyball, 89S, EV 80.0 MPH)
Batting: LHB Albert Ortiz 0-0: Ball
1-0: Foul Ball, location: 2F
1-1: Foul Ball, location: 2F
1-2: Foul Ball, location: 2F
1-2: Ball
2-2: Ball
3-2: Strikes out swinging
Batting: RHB Ron Dillard 0-0: Called Strike
0-1: Ball
1-1: Foul Ball, location: 2F
1-2: Ball
2-2: Strikes out swinging
Top of the 5th over - 0 runs, 0 hits, 0 errors, 0 left on base; Spartanburg 0 - Anderson 0
BOTTOM OF THE 5TH
Anderson Rebels batting - Pitching for Spartanburg Spartans : LHP Scott Budner
Batting: RHB Juan Blanco 0-0: Ball
1-0: SINGLE (Groundball, 6D, EV 105.6 MPH)
Batting: LHB James Beck 0-0: Ball
1-0: Ball
Juan Blanco steals 2nd base
2-0: Ball
3-0: Called Strike
3-1: Called Strike
3-2: SINGLE (Flyball, 5D, EV 92.5 MPH)
Juan Blanco to third
Batting: RHB Pat Dempsey 0-0: Called Strike
0-1: Ball
1-1: SINGLE (Groundball, 6MD, EV 100.6 MPH)
Juan Blanco scores
James Beck to second
Runner from 2nd tries for 3rd, SAFE, no throw by CF
Batting: RHB Jose Bernhardt 0-0: Ball
1-0: Called Strike
1-1: Ball
2-1: Swinging Strike
2-2: Foul Ball, location: 2F
2-2: Ball
3-2: Strikes out swinging
Pat Dempsey steals 2nd base
Batter strikes out.
Batting: RHB Hector Ordonez 0-0: Ball
1-0: SINGLE (Line Drive, 4D, EV 94.4 MPH)
James Beck scores
Pat Dempsey to third
Batting: RHB Henry Cotto 0-0: Ball
1-0: Ball
2-0: Called Strike
2-1: Fly out, F8 (Flyball, 8RD, EV 101.9 MPH)
Runner from 3rd tags up, SCORES, throw by CF
Batting: RHB Guillermo Montiel 0-0: Ball
1-0: Called Strike
1-1: Ball
2-1: Ball
3-1: Foul Ball, location: 2F
3-2: Base on Balls
Hector Ordonez to second
Batting: RHB Mike Gallego 0-0: Ball
1-0: Ball
2-0: Swinging Strike
2-1: Called Strike
2-2: Strikes out swinging
Bottom of the 5th over - 3 runs, 4 hits, 0 errors, 2 left on base; Spartanburg 0 - Anderson 3
TOP OF THE 6TH
Spartanburg Spartans batting - Pitching for Anderson Rebels : RHP Carlos Ruiz
Batting: LHB Ross Kingsley 0-0: Called Strike
0-1: Ball
1-1: Foul Ball, location: 2F
1-2: Ground out 1-3 (Groundball, 13, EV 61.3 MPH)
Batting: SHB Michael Vanderburg 0-0: Ball
1-0: Ball
2-0: Called Strike
2-1: Ball
3-1: Base on Balls
Batting: RHB Van Sowards 0-0: Ball
Michael Vanderburg steals 2nd base
1-0: Ball
2-0: Ball
Wild Pitch!
Michael Vanderburg to third
3-0: Called Strike
3-1: Foul Ball, location: 2F
3-2: Base on Balls
Batting: RHB Gib Seibert 0-0: Ball
1-0: Foul Ball, location: 2F
1-1: Ground out 6-3 (Groundball, 6S, EV 64.4 MPH)
Michael Vanderburg scores
Van Sowards to second
Batting: LHB John Hennell 0-0: Foul Ball, location: 2F
0-1: Ball
1-1: Ball
2-1: Ball
3-1: Base on Balls
Batting: RHB Dan Boever 0-0: Ball
1-0: Swinging Strike
1-1: Called Strike
1-2: Strikes out looking
Top of the 6th over - 1 run, 0 hits, 0 errors, 2 left on base; Spartanburg 1 - Anderson 3
BOTTOM OF THE 6TH
Anderson Rebels batting - Pitching for Spartanburg Spartans : LHP Scott Budner
Batting: RHB Todd Demeter 0-0: Ground out 5-3 (Groundball, 56, EV 86.3 MPH)
Batting: RHB Juan Blanco 0-0: Called Strike
0-1: SINGLE (Groundball, 6MD, EV 101.3 MPH)
Batting: LHB James Beck 0-0: Ball
1-0: Ball
2-0: SINGLE (Line Drive, 89S, EV 87.5 MPH)
Juan Blanco to second
Runner from 2nd tries for 3rd, SAFE, throw by RF made to third
Batting: RHB Pat Dempsey 0-0: Called Strike
0-1: Ball
1-1: Fly out, F8 (Flyball, 78XD, EV 98.1 MPH)
Runner from 3rd tags up, SCORES, no throw by CF
Batting: RHB Jose Bernhardt 0-0: Called Strike
0-1: Called Strike
James Beck steals 2nd base (no throw)
0-2: Ball
1-2: Ball
2-2: SINGLE (Groundball, 56D, EV 95.0 MPH)
James Beck to third
Runner from 3rd tries for Home, SAFE, throw by LF to home
Batting: RHB Hector Ordonez 0-0: Called Strike
0-1: SINGLE (Line Drive, 4M, EV 107.5 MPH)
Jose Bernhardt to second
Batting: RHB Henry Cotto 0-0: Ball
1-0: Called Strike
1-1: Ball
2-1: Ground out 4-3 (Groundball, 4, EV 100.0 MPH)
Bottom of the 6th over - 2 runs, 4 hits, 0 errors, 2 left on base; Spartanburg 1 - Anderson 5
TOP OF THE 7TH
Spartanburg Spartans batting - Pitching for Anderson Rebels : RHP Carlos Ruiz
Batting: RHB Vincent Martelli 0-0: Ball
1-0: Swinging Strike
1-1: Called Strike
1-2: Strikes out looking
Batting: LHB Albert Ortiz 0-0: Foul Ball, location: 2F
0-1: Ball
1-1: Ball
2-1: Ball
3-1: Base on Balls
Batting: RHB Ron Dillard 0-0: Ball
1-0: Ball
2-0: Called Strike
2-1: Called Strike
2-2: Strikes out swinging
Batting: LHB Ross Kingsley 0-0: Foul Ball, location: 2F
0-1: Ball
1-1: SINGLE (Line Drive, 4MD, EV 99.4 MPH)
Albert Ortiz to second
Batting: SHB Michael Vanderburg 0-0: Ball
1-0: Ball
2-0: Ball
3-0: Called Strike
3-1: Base on Balls
Albert Ortiz to third
Ross Kingsley to second
Batting: RHB Van Sowards 0-0: Ball
1-0: Swinging Strike
1-1: Ball
2-1: Fielders Choice at 2nd, 6-4 (Groundball, 6, EV 105.6 MPH)
Top of the 7th over - 0 runs, 1 hit, 0 errors, 3 left on base; Spartanburg 1 - Anderson 5
BOTTOM OF THE 7TH
Anderson Rebels batting - Pitching for Spartanburg Spartans : LHP Scott Budner
Batting: RHB Guillermo Montiel 0-0: Ball
1-0: Foul Ball, location: 2F
1-1: Ball
2-1: Foul Ball, location: 2F
2-2: Foul Ball, location: 2F
2-2: Foul Ball, location: 2F
2-2: Ground out 1-3 (Groundball, 34S, EV 67.5 MPH)
Batting: RHB Mike Gallego 0-0: Foul Ball, location: 2F
0-1: Ball
1-1: SINGLE (Popup, 6D, EV 69.4 MPH)
Batting: RHB Todd Demeter 0-0: Ball
1-0: Foul Ball, location: 2F
1-1: Foul Ball, location: 2F
1-2: Ball
2-2: Foul Ball, location: 2F
2-2: Foul Ball, location: 2F
2-2: Ball
3-2: Base on Balls
Mike Gallego to second
Batting: RHB Juan Blanco 0-0: Ball
1-0: 3-RUN HOME RUN (Flyball, 7D, EV 100.6 MPH), Distance : 364 ft
Pitching: LHP Nick Fiorillo
Batting: LHB James Beck 0-0: Ball
1-0: Ball
2-0: Ball
3-0: Base on Balls
Batting: RHB Pat Dempsey 0-0: Foul Ball, location: 2F
0-1: Grounds into double play, 6-4-3 (Groundball, 6, EV 102.5 MPH)
Bottom of the 7th over - 3 runs, 2 hits, 0 errors, 0 left on base; Spartanburg 1 - Anderson 8
TOP OF THE 8TH
Spartanburg Spartans batting - Pitching for Anderson Rebels : RHP Carlos Ruiz
Pinch Hitting: RHB Philip Belmonte 0-0: Ball
1-0: Ball
2-0: Ball
3-0: Called Strike
3-1: Ground out 6-3 (Groundball, 6, EV 82.5 MPH)
Batting: LHB John Hennell 0-0: Called Strike
0-1: Ball
1-1: Swinging Strike
1-2: Ball
2-2: Foul Ball, location: 2F
2-2: Foul Ball, location: 2F
2-2: Strikes out swinging
Pinch Hitting: RHB Inocencio Guerrero 0-0: Foul Ball, location: 2F
0-1: Ball
1-1: Called Strike
1-2: Strikes out looking
Top of the 8th over - 0 runs, 0 hits, 0 errors, 0 left on base; Spartanburg 1 - Anderson 8
BOTTOM OF THE 8TH
Anderson Rebels batting - Pitching for Spartanburg Spartans : LHP Nick Fiorillo
Now at 1B: Inocencio Guerrero
Now at 3B: Jeff Martin
Batting: RHB Jose Bernhardt 0-0: DOUBLE (Line Drive, 89D, EV 102.5 MPH)
Batting: RHB Hector Ordonez 0-0: Ground out 5-3 (Groundball, 56, EV 101.9 MPH)
Batting: RHB Henry Cotto 0-0: Fly out, F4 (Popup, 4S, EV 75.6 MPH)
Pinch Hitting: RHB James Christensen 0-0: Ball
1-0: Ball
2-0: Ball
3-0: Called Strike
3-1: SINGLE (Flyball, 5D, EV 85.0 MPH)
Jose Bernhardt to third
Runner from 3rd tries for Home, SAFE, throw by LF to home
James Christensen to second
Batting: RHB Mike Gallego 0-0: Foul Ball, location: 2F
0-1: Foul Ball, location: 2F
0-2: Strikes out swinging
Bottom of the 8th over - 1 run, 2 hits, 0 errors, 1 left on base; Spartanburg 1 - Anderson 9
TOP OF THE 9TH
Spartanburg Spartans batting - Pitching for Anderson Rebels : RHP Carlos Ruiz
Pitching: RHP Steven Smith
Now at 2B: James Christensen
Batting: RHB Vincent Martelli 0-0: Ground out 6-3 (Groundball, 6, EV 88.8 MPH)
Batting: LHB Albert Ortiz 0-0: Ball
1-0: Called Strike
1-1: Ground out 1-3 (Groundball, 15S, EV 69.4 MPH)
Batting: RHB Ron Dillard 0-0: Ball
1-0: Ball
2-0: DOUBLE (Flyball, 89D, EV 103.1 MPH)
Batting: LHB Ross Kingsley 0-0: Called Strike
0-1: Ball
1-1: Foul Ball, location: 2F
1-2: Strikes out swinging
Top of the 9th over - 0 runs, 1 hit, 0 errors, 1 left on base; Spartanburg 1 - Anderson 9
Thursday, August 6th, 2020 - OOTP Baseball 21.5 Build 76